 Dungeon Crawl Stone Soup version 0.23.0 (webtiles) character file.

Game seed: 1749535354251676844

1088646 DrEnzyme the Axe Maniac (level 27, -11/297 (298) HPs)
             Began as a Deep Dwarf Wanderer on Feb 13, 2019.
             Was the Champion of Makhleb.
             Killed by divine providence
             ... invoked by a mummy priest
              (13 damage)
             ... on level 2 of the Tomb of the Ancients.
             The game lasted 05:24:01 (86061 turns).

DrEnzyme the Axe Maniac (Deep Dwarf Wanderer)      Turns: 86061, Time: 05:24:02

HP:   -11/297 (298) AC: 45    Str: 38    XL:     27
MP:   13/13         EV: 29    Int: 19    God:    Makhleb [******]
Gold: 6902          SH:  0    Dex: 13    Spells: 57/57 levels left

rFire    + + .     SeeInvis +   a - +9 executioner's axe (freeze)
rCold    + + .     Gourm    .   (shield currently unavailable)
rNeg     + + +     Faith    .   B - +10 crystal plate armour of Pexuc {Str+6}
rPois    .         Spirit   .   F - +3 crown of Dyrovepreva {rElec Int+2 SInv}
rElec    +         Reflect  .   p - scarf {rC+ rF+}
rCorr    .         Harm     .   q - +2 pair of gloves of the Boiling Point {rF+}
MR       ++++.     Clarity  +   o - +0 pair of boots of Tartarus {rN++ Str+6}
Stlth    ..........             A - amulet of the Air {Inacc +Fly rElec EV+5 RMsl}
HPRegen  0.00/turn              d - ring "Wane" {Slay+6 Stlth-}
MPRegen  0.13/turn              r - +6 ring of evasion

@: lethally poisoned (-11 -> -12), marked, non-regenerating, slowed, repel
missiles, very slow
A: damage resistance, heal wounds, repulsion field 1, icy blue scales 1, thin
skeletal structure 1, blurry vision 2, clarity, cold resistance 1, deformed
body, low mp 2, negative energy resistance 1, sense surroundings 3, screaming 1,
no potion heal 1, no regeneration
}: 9/15 runes: barnacled, slimy, silver, iron, obsidian, icy, bone, abyssal,
gossamer
a: Heal Wounds, Minor Destruction, Lesser Servant of Makhleb, Major Destruction,
Greater Servant of Makhleb, Renounce Religion, Evoke Flight


You were on level 2 of the Tomb of the Ancients.
You worshipped Makhleb.
Makhleb was exalted by your worship.
You were not hungry.

You visited 18 branches of the dungeon, and saw 88 of its levels.
You visited the Abyss 15 times.
You visited 2 bazaars.
You visited 1 ziggurat, and saw 11 of its levels.
You also visited: Trove, Sewer, Gauntlet and Volcano.

You collected 13707 gold pieces.
You spent 6805 gold pieces at shops.

Inventory:

Hand Weapons
 a - a +9 executioner's axe of freezing (weapon)
 c - a +9 executioner's axe of protection
Missiles
 e - 5 throwing nets (quivered)
 Y - 19 javelins of penetration
Armour
 o - the +0 pair of boots of Tartarus (worn) {rN++ Str+6}
   (You bought it in a shop on level 3 of the Elven Halls)

   It affects your strength (+6).
   It greatly protects you from negative energy.
 p - a scarf of resistance (worn)
 q - the +2 pair of gloves of the Boiling Point (worn) {rF+}
   (You acquired it on level 4 of the Depths)

   It protects you from fire.
 B - the +10 crystal plate armour of Pexuc (worn) {Str+6}
   (You bought it in a shop on level 2 of the Elven Halls)

   It affects your strength (+6).
 F - the +3 crown of Dyrovepreva (worn) {rElec Int+2 SInv}
   (You bought it in a shop on level 2 of the Orcish Mines)

   It affects your intelligence (+2).
   It insulates you from electricity.
   It lets you see invisible.
Jewellery
 d - the ring "Wane" (left hand) {Slay+6 Stlth-}
   (You found it on level 4 of the Vaults)

   [ring of attention]

   It affects your accuracy and damage with ranged weapons and melee attacks
   (+6).
   It makes you less stealthy.
 l - the amulet of Yendor {Regen+ Str+7 Dex-4}
   (You found it on level 7 of Tartarus)

   [amulet of regeneration]

   It affects your strength (+7).
   It affects your dexterity (-4).
   It increases your rate of regeneration.
 r - a +6 ring of evasion (right hand)
 A - the amulet of the Air (around neck) {Inacc +Fly rElec EV+5 RMsl}
   (You found it on level 5 of the Pits of Slime)

   [amulet of inaccuracy]

   It reduces the accuracy of all your attacks.
   It affects your evasion (+5).
   It insulates you from electricity.
   It lets you fly.
   It protects you from missiles.
 H - the amulet of Amomal {Spirit rPois rF++ Str-4}
   (You took it off a deep elf sorcerer on level 3 of the Elven Halls)

   [amulet of guardian spirit]

   It causes incoming damage to be split between your health and magic.
   It affects your strength (-4).
   It greatly protects you from fire.
   It protects you from poison.
 T - the ring of Ykaotusy {AC+1 Str+5}
   (You found it on level 8 of a ziggurat)

   [ring of protection]

   It affects your AC (+1).
   It affects your strength (+5).
Wands
 v - a wand of iceblast (28)
 D - a wand of paralysis (7)
 M - a wand of clouds (3)
 N - a wand of acid (24)
 P - a wand of digging (24)
 U - a wand of scattershot (23)
 W - a wand of enslavement (15)
Scrolls
 g - 27 scrolls of teleportation
 i - 17 scrolls of identify
 n - 38 scrolls of remove curse
 s - 5 scrolls of immolation
 u - 4 scrolls of fog
 y - 2 scrolls of silence
 z - 4 scrolls of holy word
 G - 6 scrolls of blinking
 O - a scroll of magic mapping
 Q - 13 scrolls of enchant armour
Potions
 h - 3 potions of invisibility
 j - 15 potions of curing
 m - 8 potions of cancellation
 t - 10 potions of flight
 C - a potion of haste
 I - 11 potions of mutation
 J - a potion of might
 K - 2 potions of agility
 L - 2 potions of heal wounds
 X - a potion of resistance
Miscellaneous
 b - a phantom mirror
 k - a lamp of fire
 x - 2 sacks of spiders
 E - a fan of gales
 R - 2 boxes of beasts
 S - a phial of floods
 V - a lightning rod (4/4)
Comestibles
 f - 64 rations


   Skills:
 O Level 27 Fighting
   Level 3.8 Short Blades
 O Level 27 Axes
   Level 1.1 Crossbows
 - Level 20.9 Throwing
 O Level 27 Armour
 - Level 15.0 Dodging
 - Level 10.1 Stealth
   Level 13.6 Shields
 + Level 15.9 Spellcasting
 - Level 13.5 Invocations
 O Level 27 Evocations


You had 57 spell levels left.
You didn't know any spells.
Your spell library contained the following spells:

 Spells                   Type           Power        Failure   Level  Hunger
 Animate Skeleton         Necr           N/A          16%         1    None
 Apportation              Tloc           ###...       16%         1    None
 Beastly Appendage        Tmut           ###...       16%         1    None
 Confusing Touch          Hex            ###...       16%         1    None
 Corona                   Hex            ###....      16%         1    None
 Flame Tongue             Conj/Fire      ###..        16%         1    None
 Infusion                 Chrm           ###.         16%         1    None
 Magic Dart               Conj           ###.         16%         1    None
 Pain                     Necr           ###.         16%         1    None
 Shock                    Conj/Air       ###.         16%         1    None
 Sting                    Conj/Pois      ###.         16%         1    None
 Summon Butterflies       Summ           ###.....     16%         1    None
 Summon Small Mammal      Summ           ###.         16%         1    None
 Blink                    Tloc           N/A          24%         2    None
 Call Imp                 Summ           ###.....     24%         2    None
 Corpse Rot               Necr           N/A          24%         2    None
 Ensorcelled Hibernation  Hex/Ice        ###...       24%         2    None
 Passwall                 Tmut/Erth      ###.....     24%         2    None
 Poisonous Vapours        Pois/Air       ###...       24%         2    None
 Searing Ray              Conj           ###...       24%         2    None
 Shroud of Golubria       Chrm/Tloc      ###.......   24%         2    None
 Slow                     Hex            ###.....     24%         2    None
 Song of Slaying          Chrm           ###.....     24%         2    None
 Sticks to Snakes         Tmut           ###.....     24%         2    None
 Sublimation of Blood     Necr           ###.......   24%         2    None
 Swiftness                Chrm/Air       ###.....     24%         2    None
 Throw Flame              Conj/Fire      ###...       24%         2    None
 Throw Frost              Conj/Ice       ###...       24%         2    None
 Call Canine Familiar     Summ           ###.....     43%         3    None
 Confuse                  Hex            ###.....     43%         3    None
 Conjure Flame            Conj/Fire      ###.....     43%         3    None
 Dazzling Spray           Conj/Hex       ###...       43%         3    None
 Gell's Gravitas          Tloc           ###.......   43%         3    None
 Ignite Poison            Fire/Tmut/Pois ###.....     43%         3    None
 Inner Flame              Hex/Fire       ###.....     43%         3    None
 Lesser Beckoning         Tloc           ###.......   43%         3    None
 Mephitic Cloud           Conj/Pois/Air  ###.....     43%         3    None
 Portal Projectile        Hex/Tloc       ###...       43%         3    None
 Recall                   Summ/Tloc      N/A          43%         3    None
 Spectral Weapon          Hex/Chrm       ###.....     43%         3    None
 Spider Form              Tmut/Pois      ###.......   43%         3    None
 Static Discharge         Conj/Air       ###.....     43%         3    None
 Stone Arrow              Conj/Erth      ###...       43%         3    None
 Summon Guardian Golem    Hex/Summ       ###.....     43%         3    None
 Teleport Other           Tloc           ###.....     43%         3    None
 Tukima's Dance           Hex            ###.....     43%         3    None
 Vampiric Draining        Necr           ###.......   43%         3    None
 Airstrike                Air            ###.......   83%         4    None
 Animate Dead             Necr           N/A          83%         4    None
 Cause Fear               Hex            ###.......   83%         4    None
 Force Lance              Conj/Tloc      ###.....     83%         4    None
 Fulminant Prism          Conj/Hex       ###.......   83%         4    None
 Ice Form                 Ice/Tmut       ###.....     83%         4    None
 Iskenderun's Mystic Bla  Conj           ###.....     83%         4    None
 Leda's Liquefaction      Hex/Erth       ###.......   83%         4    None
 Olgreb's Toxic Radiance  Pois           ###.....     83%         4    None
 Passage of Golubria      Tloc           N/A          83%         4    None
 Petrify                  Tmut/Erth      ###.....     83%         4    None
 Sticky Flame             Conj/Fire      ###.....     83%         4    None
 Summon Ice Beast         Ice/Summ       ###.....     83%         4    None
 Summon Lightning Spire   Summ/Air       ###.....     83%         4    None
 Throw Icicle             Conj/Ice       ###.....     83%         4    None
 Agony                    Necr           ###.....     99%         5    ###....
 Alistair's Intoxication  Tmut/Pois      ###.....     99%         5    ###....
 Aura of Abjuration       Summ           ###.......   99%         5    ###....
 Blade Hands              Tmut           ###.......   99%         5    ###....
 Bolt of Draining         Conj/Necr      ###.......   99%         5    ###....
 Bolt of Magma            Conj/Fire/Erth ###.......   99%         5    ###....
 Borgnjor's Vile Clutch   Necr/Erth      ###.......   99%         5    ###....
 Dispel Undead            Necr           ###.....     99%         5    ###....
 Excruciating Wounds      Chrm/Necr      ###.......   99%         5    ###....
 Fireball                 Conj/Fire      ###.......   99%         5    ###....
 Irradiate                Conj/Tmut      ###.......   99%         5    ###....
 Lee's Rapid Deconstruct  Erth           ###.......   99%         5    ###....
 Lightning Bolt           Conj/Air       ###.......   99%         5    ###....
 Metabolic Englaciation   Hex/Ice        ###.......   99%         5    ###....
 Silence                  Hex/Air        ###.......   99%         5    ###....
 Summon Demon             Summ           ###.......   99%         5    ###....
 Summon Forest            Summ/Tloc      ###.......   99%         5    ###....
 Summon Mana Viper        Hex/Summ       ###.....     99%         5    ###....
 Venom Bolt               Conj/Pois      ###.......   99%         5    ###....
 Yara's Violent Unravell  Hex/Tmut       ###.......   99%         5    ###....
 Bolt of Cold             Conj/Ice       ###.......   100%        6    #####..
 Bolt of Fire             Conj/Fire      ###.......   100%        6    #####..
 Conjure Ball Lightning   Conj/Air       ###.......   100%        6    #####..
 Darkness                 Hex            ###.......   100%        6    #####..
 Death Channel            Necr           ###.......   100%        6    #####..
 Deflect Missiles         Chrm/Air       ###.......   100%        6    #####..
 Dispersal                Tloc           ###.......   100%        6    #####..
 Freezing Cloud           Conj/Ice/Air   ###.......   100%        6    #####..
 Hydra Form               Tmut           ###.......   100%        6    #####..
 Invisibility             Hex            ###.....     100%        6    #####..
 Poison Arrow             Conj/Pois      ###.......   100%        6    #####..
 Shadow Creatures         Summ           N/A          100%        6    #####..
 Simulacrum               Ice/Necr       ###.......   100%        6    #####..
 Statue Form              Tmut/Erth      ###......    100%        6    #####..
 Dragon Form              Tmut           ###.......   100%        7    ######.
 Haunt                    Necr/Summ      ###.......   100%        7    ######.
 Malign Gateway           Summ/Tloc      ###.......   100%        7    ######.
 Monstrous Menagerie      Summ           ###.......   100%        7    ######.
 Ring of Flames           Chrm/Fire      ###.......   100%        7    ######.
 Spellforged Servitor     Conj/Summ      ###.......   100%        7    ######.
 Summon Greater Demon     Summ           ###.......   100%        7    ######.
 Summon Hydra             Summ           ###.......   100%        7    ######.
 Borgnjor's Revivificati  Necr           ###.......   100%        8    #######
 Chain Lightning          Conj/Air       ###.......   100%        8    #######
 Controlled Blink         Tloc           N/A          100%        8    #######
 Death's Door             Chrm/Necr      ###.......   100%        8    #######
 Disjunction              Tloc           ###.......   100%        8    #######
 Ignition                 Fire           ###.......   100%        8    #######
 Infestation              Necr           ###.......   100%        8    #######
 Lehudib's Crystal Spear  Conj/Erth      ###.......   100%        8    #######
 Necromutation            Tmut/Necr      ###.......   100%        8    #######
 Summon Horrible Things   Summ           ###.......   100%        8    #######
 Fire Storm               Conj/Fire      ###.......   100%        9    #######
 Glaciate                 Conj/Ice       ###.......   100%        9    #######
 Shatter                  Erth           ###.......   100%        9    #######
 Tornado                  Air            ###.......   100%        9    #######
 Regeneration             Chrm/Necr      Unusable     N/A         3    N/A

Dungeon Overview and Level Annotations

Branches:
Dungeon (15/15)            Temple (1/1) D:5            Lair (6/6) D:8
 Shoals (4/4) Lair:2       Spider (4/4) Lair:4        Slime (5/5) Lair:5
    Orc (2/2) D:12            Elf (3/3) Orc:2        Vaults (5/5) D:13
  Crypt (3/3) Vaults:3       Tomb (2/3) Crypt:3      Depths (5/5) D:15
   Hell (1/1)                 Dis (7/7) Hell            Geh (7/7) Hell
    Coc (7/7) Hell            Tar (7/7) Hell            Zot (5/5) Depths:5

Altars:
Ashenzari
Cheibriados
Dithmenos
Elyvilon
Fedhas
Gozag
Hepliaklqana
Kikubaaqudgha
Makhleb
Nemelex Xobeh
Okawaru
Qazlal
Ru
Sif Muna
Trog
Uskayaw
Vehumet
Wu Jian
Xom
Yredelemnul
Zin
The Shining One
Beogh

Shops:
D:7 [   D:15 *   Orc:2 [(:*   Elf:2 *   Elf:3 [   Vaults:2 *   Vaults:4 (
Depths:1 }==   Depths:4 =(*(

Portals:
Hell: Depths:1 Depths:2 Depths:3 Depths:4 Depths:5
Abyss: Depths:4
Pandemonium: Depths:3

Annotations:
D:3 exclusion: 2 downstairs
D:6 exclusion: downstairs
D:8 exclusion: downstairs
D:9 exclusion: 2 downstairs
Shoals:2 exclusion: Roxanne, Roxanne
Spider:2 exclusion: 2 downstairs


Innate Abilities, Weirdness & Mutations

You are resistant to damage.
You can heal yourself by infusing magical energy.
You resist negative energy. (rN+)
You passively map a large area around you.
You do not regenerate.
You are surrounded by a mild repulsion field. (EV +2)
You are partially covered in icy blue scales. (AC +2)
You have a somewhat thin skeletal structure. (Dex +2, Stealth)
Scrolls take you longer to read.
You possess an exceptional clarity of mind.
Your flesh is cold resistant. (rC+)
Armour fits poorly on your strangely shaped body.
Your magical capacity is very low. (-20% MP)
You occasionally shout uncontrollably at your foes.
Potions are less effective at restoring your health.


Message History

The greater mummy is lost in a daze.
The hungry ghost closely misses you. The death scarab completely misses you.
The ushabti shakes and rattles deafeningly!
The storm dragon skeleton is struck by lightning.
The greater mummy is struck by lightning.
The ancient lich is struck by lightning.
The ancient lich closely misses you.
The greater mummy calls on the powers of darkness!
The emperor scorpion convulses!
Your body is wracked with pain!
* * * LOW HITPOINT WARNING * * *
The guardian mummy is struck by lightning.
You destroy the guardian mummy!
Makhleb accepts your kill.
You feel extremely nervous for a moment...
You convulse helplessly as pain tears through your body!
* * * LOW HITPOINT WARNING * * *
The mummy priest is struck by lightning.
The mummy priest mumbles some strange prayers to its god against you.
Something smites you!
You die...

********************************
*<,,,,*,,,,,,,,*,,,,,,,,,,,,*,,,
*,,,,,*,,,,,,,,*,,,,,,,,,,,,*,,,
*,,,,,+,,,,,,,,*,,,,,,,,,,,,+,,,
*,,,,,*,,,,,,,,*,,,,,,,,,,,,*,,,
*,,,,,*,,,,,,,,*,,,,,,,,,,,,*,,,
*,,,,***######+###############+*
******,,.....○..sZV............,
*,,,,*,,,.##.^.@WMMW.##.....<#*,
*,,,,*,,,,*#.ZMLM8Mn..##.....##,
*,,,,*,,......8MZM§Z§§........M,
*,,,,*,,.......MsMM8§§.........,
*,,,,*,,.......##§§Z§§..##,...,,
*,,,,*,,.......##§§§§§..##..?.,,
*,,,,*,,....#....§§§§§...§.)...,
*,,,,*,,...##..§...M.M.^Z......,
**+***,,,,,*,..°.........../...,


You could see 4 greater mummies, an emperor scorpion, an ancient lich (dazed), 2
mummy priests, 3 guardian mummies, 3 ushabtiu, a freezing wraith, a hungry
ghost, a vampire, a death scarab, a necrophage, 3 mummies, a wolf spider
simulacrum, an iron dragon zombie, a snapping turtle zombie, a storm dragon
skeleton and a quicksilver dragon skeleton.

Vanquished Creatures
  Ereshkigal (Tar:7)
  Antaeus (Coc:7)
  Asmodeus (Geh:7)
  the Royal Jelly (Slime:5)
  the Serpent of Hell (Coc:7)
  Dispater (Dis:7)
  Mara (Tomb:1)
  12 orbs of fire
  9 ancient liches
  2 greater mummies (Tomb:1)
  Saint Roka (Elf:2)
  6 shard shrikes
  A pandemonium lord (Zig:5)
  7 Killer Klowns
  Frederick (Vaults:4)
  Geryon (Hell)
  A caustic shrike (Depths:2)
  2 curse toes
  Nikola (Elf:3)
  11 golden dragons
  2 doom hounds
  the Enchantress (Depths:2)
  10 bone dragons
  13 Tzitzimimeh
  3 electric golems
  13 Brimstone Fiends
  21 Ice Fiends
  4 iron giants (Dis:7)
  10 liches
  16 tentacled monstrosities
  5 Hell Sentinels (Dis:7)
  25 Orb Guardians (Zot:5)
  2 deep elf blademasters
  6 titans (Vaults:5)
  5 quicksilver dragons
  27 acid blobs
  Polyphemus (Shoals:2)
  2 eldritch tentacles
  18 tentacled starspawn
  13 sphinxes
  4 Executioners
  12 death cobs
  18 ancient champions
  Murray (Hell)
  Agnes (D:15)
  10 tengu reavers
  9 storm dragons
  The ghost of Qyadack the Severer, an adept HOFi of Beogh (Spider:1)
  15 shadow dragons
  A daeva (Depths:5)
  3 revenants
  12 azure jellies
  17 fire giants
  16 vault wardens
  Ilsuiw (Shoals:2)
  A ghost moth (shapeshifter) (Depths:3)
  16 deep elf sorcerers
  13 ghost moths
  7 draconian knights
  10 frost giants
  5 draconian scorchers
  5 iron dragons
  5 draconian monks
  8 deep elf elementalists
  4 emperor scorpions
  3 angels
  2 orc warlords
  7 cacodemons
  2 draconian shifters (Zig:10)
  18 balrugs
  3 ghouls
  7 draconian annihilators
  19 ironheart preservers
  5 draconian stormcallers
  36 reapers
  A juggernaut skeleton (Crypt:1)
  3 spriggan defenders (Depths:2)
  19 stone giants
  An entropy weaver (shapeshifter) (Depths:3)
  4 caustic shrike skeletons
  4 elemental wellsprings
  16 war gargoyles
  9 vampire knights
  6 entropy weavers
  4 bennus (Tomb:1)
  40 very ugly things
  13 green draconians
  A dire elephant (D:15)
  Azrael (Spider:1)
  A spark wasp (shapeshifter) (Depths:3)
  13 black draconians
  3 deep elf demonologists
  9 purple draconians
  A spark wasp (Spider:4)
  A minotaur (Gauntlet)
  7 deep elf annihilators
  5 yellow draconians
  12 red draconians
  A lorocyproca (Hell)
  6 white draconians
  5 eidola
  4 ettins
  8 deep elf death magi
  5 merfolk javelineers
  Josephine (D:15)
  8 quicksilver dragon zombies
  6 mummy priests
  5 green deaths
  12 death oozes
  11 crystal guardians (Depths:3)
  7 merfolk impalers
  Erolcha (D:9)
  14 blizzard demons
  15 yaktaur captains
  22 jiangshi
  16 fire dragons
  11 deep elf high priests
  A spectral kraken (Tar:7)
  A ghost crab (Zig:6)
  31 vault guards
  26 ice dragons
  8 quicksilver dragon skeletons
  19 great orbs of eyes
  A hydra (shapeshifter) (Depths:3)
  5 rakshasas
  7 hydras
  3 merfolk avatars
  7 spriggan air magi
  2 alligator snapping turtles
  11 ogre magi
  3 merfolk aquamancers
  5 catoblepae
  3 death knights
  4 centaur warriors
  30 two-headed ogres
  A catoblepas (shapeshifter) (Depths:3)
  43 dancing weapons
  A queen ant (Spider:4)
  13 death yaks
  15 death scarabs
  32 hell hogs
  3 satyrs
  10 deep troll shamans
  13 vampire magi
  10 titan zombies
  8 storm dragon zombies
  10 deep troll earth magi
  23 soul eaters
  3 spriggans (Depths:2)
  An orc high priest (Orc:2)
  2 tengu warriors (Depths:4)
  17 thrashing horrors
  2 spriggan berserkers
  10 iron golems
  3 shock serpents (shapeshifter)
  22 deep elf knights
  Sonja (Lair:3)
  17 wretched stars
  22 sun demons
  84 skeletal warriors
  2 storm dragon skeletons
  13 iron trolls
  10 titan skeletons
  Nergalle (D:11)
  8 shadow wraiths
  A golden dragon zombie (Coc:4)
  12 anaconda zombies
  8 spatial maelstroms
  9 flayed ghosts
  41 hell knights
  4 unseen horrors
  20 shadow demons
  6 sixfirhies
  53 starcursed masses
  A sea snake (shapeshifter) (Depths:3)
  11 glowing orange brains
  26 deep trolls
  7 wizards
  A death drake (Tar:6)
  A ghost moth zombie (Hell)
  20 sea snakes
  An iron giant zombie (Crypt:3)
  A lindwurm (Lair:6)
  An unseen horror (shapeshifter) (Crypt:2)
  A glowing orange brain (shapeshifter) (Depths:3)
  An orange crystal statue (Gauntlet)
  3 shadow dragon zombies
  13 ironbrand convokers
  Pikel (D:5)
  2 golden dragon skeletons
  5 obsidian statues
  30 phantasmal warriors
  A lindwurm (shapeshifter) (Elf:1)
  5 deep elf archers
  A harpy (shapeshifter) (Elf:2)
  5 iron dragon zombies
  5 frost giant zombies
  22 harpies
  19 necromancers
  4 fire giant zombies
  5 anaconda skeletons
  19 orc knights
  53 large abominations
  3 wolf spider zombies
  21 orb spiders
  5 orc sorcerers
  54 wolf spiders
  45 ugly things
  A shining eye (Zig:9)
  2 shadow dragon skeletons
  A salamander (Geh:7)
  14 cyclopes
  57 deep elf magi
  13 fauns
  A sphinx skeleton (Crypt:2)
  9 stone giant zombies
  17 manticores
  14 merfolk sirens
  28 moths of wrath
  2 iron dragon skeletons
  5 apocalypse crabs
  12 worldbinders
  4 centaur zombies
  14 vault sentinels
  4 shock serpent zombies
  14 molten gargoyles
  2 dire elephant zombies
  48 rust devils
  10 black mambas
  10 frost giant skeletons
  3 orange demons
  Joseph (D:9)
  A black mamba (shapeshifter) (Abyss:2)
  5 toenail golems (Volcano)
  2 torpor snails
  3 fire giant skeletons
  A naga mage (Abyss:2)
  2 titan simulacra (Coc:7)
  8 water nymphs
  6 stone giant skeletons
  A guardian serpent (Abyss:2)
  3 shock serpent skeletons
  2 storm dragon simulacra (Coc:7)
  24 smoke demons
  6 gargoyles
  A spiny frog (shapeshifter) (Depths:3)
  16 hellions
  6 dire elephant skeletons
  15 spiny frogs
  13 rime drakes
  A catoblepas zombie (Dis:7)
  5 spectral swamp worms (Tar:7)
  A minotaur zombie (Crypt:1)
  15 efreet
  11 demonic crawlers
  3 yaktaurs (shapeshifter)
  An emperor scorpion zombie (Crypt:2)
  A kobold demonologist (D:13)
  72 yaktaurs
  31 freezing wraiths
  9 komodo dragons
  2 death yak skeletons (Crypt:1)
  3 catoblepas skeletons
  4 hellwings
  4 anaconda simulacra
  42 ice devils
  2 harpy zombies
  A rime drake (shapeshifter) (Abyss:1)
  33 tormentors
  A merfolk (shapeshifter) (Depths:3)
  A red draconian skeleton (Crypt:3)
  8 guardian mummies
  15 ancient zymes
  11 hydra zombies
  25 red devils
  3 jumping spiders (shapeshifter)
  5 meliai (Abyss:4)
  2 meliai (shapeshifter)
  2 wind drakes
  3 polar bears
  A grey draconian skeleton (Crypt:2)
  A polar bear (shapeshifter) (Abyss:1)
  Prince Ribbit (D:7)
  A queen bee (Abyss:4)
  A green draconian skeleton (Crypt:2)
  5 hydra skeletons
  A yaktaur skeleton (Vaults:2)
  16 blink frogs
  7 trolls
  34 jumping spiders
  13 hornets
  31 merfolk
  34 raiju
  A wind drake (shapeshifter) (Vaults:1)
  A hornet (shapeshifter) (Vaults:5)
  A spectral dream sheep (Gauntlet)
  A bog body (Crypt:3)
  A tyrant leech (Abyss:1)
  91 slime creatures
  A raiju (shapeshifter) (Vaults:4)
  A blink frog (shapeshifter) (D:13)
  5 alligator zombies
  4 ice dragon zombies
  2 harpy skeletons
  A hippogriff (shapeshifter) (Vaults:4)
  4 snapping turtles
  13 hippogriffs
  5 ettin zombies
  7 fire dragon zombies
  139 flying skulls
  A meliai zombie (D:11)
  A black mamba zombie (Geh:4)
  24 shadows
  5 air elementals
  3 alligator skeletons
  7 ettin skeletons
  Sigmund (D:2)
  7 ice dragon skeletons
  48 tarantellas
  A dire elephant simulacrum (Hell)
  7 fire dragon skeletons
  8 vampires
  38 wraiths
  A spriggan skeleton (Zig:7)
  13 ynoxinuls
  73 redbacks
  37 yaks
  2 ushabtiu
  A basilisk (shapeshifter) (Vaults:5)
  23 water elementals
  7 basilisks
  5 wyverns
  8 golden eyes
  35 fire elementals
  13 fire bats (Abyss:1)
  4 yaks (shapeshifter)
  5 hungry ghosts
  An emperor scorpion simulacrum (Abyss:2)
  11 steam dragons
  A yaktaur simulacrum (Vaults:1)
  A black mamba skeleton (Crypt:3)
  6 vampire mosquitoes
  10 chaos spawn
  9 neqoxecs
  16 spatial vortices (Abyss:1)
  7 insubstantial wisps
  9 wargs
  A warg (shapeshifter) (Abyss:1)
  9 water moccasins
  6 hydra simulacra
  2 acid dragons
  A water moccasin (shapeshifter) (Vaults:4)
  2 merfolk skeletons
  7 soldier ants
  48 small abominations
  6 spiny frog zombies
  An acid dragon (shapeshifter) (Vaults:4)
  A naga (Abyss:2)
  54 hell hounds
  Duvessa (D:7)
  60 orc warriors
  10 porcupines
  A hornet zombie (D:15)
  4 sky beasts
  An alligator simulacrum (Coc:1)
  An ettin simulacrum (Vaults:2)
  A fire dragon simulacrum (Crypt:1)
  5 snapping turtle zombies
  A black bear (Lair:4)
  6 eyes of draining
  14 ice beasts
  4 spiny frog skeletons
  31 ogres
  6 phantoms
  An eye of draining (shapeshifter) (Depths:2)
  An ice beast (shapeshifter) (Vaults:2)
  15 necrophages
  6 wolves
  2 manticore zombies
  2 swamp dragon zombies
  14 boggarts
  10 centaurs
  4 snapping turtle skeletons
  4 manticore skeletons
  2 swamp dragon skeletons
  14 crocodiles
  7 big kobolds
  6 human zombies
  A yaktaur zombie (Vaults:1)
  2 elf zombies
  16 bullfrogs
  9 earth elementals
  A spiny frog simulacrum (Coc:7)
  4 human skeletons
  2 wyvern zombies
  Dowan (D:7)
  6 scorpions
  A shapeshifter zombie (Crypt:2)
  2 spriggan zombies
  72 killer bees
  A troll skeleton (Crypt:2)
  3 vampire bats (Lair:1)
  3 howler monkeys (D:12)
  70 wights
  An electric eel (Lair:2)
  4 lava snakes (Lair:6)
  11 crimson imps
  8 quasits
  A wolf skeleton (Crypt:3)
  6 hounds
  4 jellies
  29 orc wizards
  23 orc priests
  3 bullfrog skeletons
  5 iguanas
  33 iron imps
  A basilisk skeleton (Crypt:1)
  A black bear skeleton (Crypt:2)
  5 centaur skeletons
  Crazy Yiuf (D:3)
  A hell rat (Crypt:2)
  24 worker ants
  Terence (D:3)
  A tengu zombie (Crypt:1)
  A felid zombie (Crypt:1)
  3 tengu skeletons
  2 hound zombies
  3 hound skeletons
  18 mummies
  An ogre simulacrum (Crypt:2)
  10 adders
  2 river rats (Sewer)
  9 shadow imps
  29 white imps
  8 ufetubi
  4 oozes
  2 adder zombies
  3 adder skeletons
  3 worms
  A dart slug (D:3)
  3 leopard geckos
  118 orcs
  7 ball pythons
  7 giant cockroaches
  10 goblins
  5 hobgoblins
  19 jackals
  2 quokkas
  15 bats
  7 frilled lizards
  A frilled lizard skeleton (Crypt:3)
  A hobgoblin skeleton (Crypt:3)
  A jackal skeleton (Crypt:3)
  25 kobolds
  A kobold zombie (Geh:2)
  A leopard gecko skeleton (D:5)
  A leopard gecko zombie (D:5)
  10 rats
  A butterfly (Lair:1)
  3 crawling corpses (Vaults:5)
  A fire vortex (Geh:7)
  5 fungi
  2 lurking horrors
  17 plants
  21 starspawn tentacles
  2 tentacles (Tar:7)
4707 creatures vanquished.

Vanquished Creatures (collateral kills)
  A storm dragon (Zot:3)
  A merfolk impaler (Shoals:2)
  A hydra (Lair:1)
  A golden dragon skeleton (Tomb:1)
  A merfolk siren (Shoals:2)
  A water elemental (Shoals:2)
  4 centaurs
  2 mummies (Tomb:1)
12 creatures vanquished.

Vanquished Creatures (others)
  An Ice Fiend (Coc:7)
  A deep elf master archer (Elf:3)
  A fire giant (Vaults:3)
  An elemental wellspring (Coc:7)
  2 merfolk javelineers
  A merfolk impaler (Shoals:2)
  An ice dragon (Depths:5)
  A satyr (Shoals:4)
  A hell hog (Geh:2)
  A dancing weapon (Dis:7)
  A skeletal warrior (Tar:7)
  A hell knight (Dis:7)
  A deep elf archer (Vaults:2)
  An anaconda skeleton (Geh:7)
  A large abomination (Abyss:2)
  A harpy (Shoals:1)
  3 deep elf magi
  3 cyclopes (Shoals:1)
  2 fauns (Shoals:3)
  A rime drake (Lair:2)
  A yaktaur (Depths:2)
  A merfolk (Shoals:2)
  A hydra zombie (Coc:7)
  A hornet (Vaults:4)
  A flying skull (Coc:7)
  A shadow (Tar:1)
  A boggart (D:15)
  2 centaurs
  2 orc priests (D:5)
  An orc wizard (D:5)
  A worker ant (D:5)
  A shadow imp (Zig:6)
  11 ball lightnings
  An orc (D:5)
  8 fungi
  4 lurking horrors
  58 plants
  27 starspawn tentacles
  2 tentacles (Tar:7)
151 creatures vanquished.

Grand Total: 4870 creatures vanquished

Notes
Turn   | Place    | Note
-------+----------+-------------------------------------------
     0 | D:1      | DrEnzyme the Deep Dwarf Wanderer began the quest for the
                  | Orb.
     0 | D:1      | DrEnzyme set off with the following items: 3 curare-tipped
                  | needles, a +2 blowgun, a +0 ring mail, a +0 short sword, a
                  | ration
     0 | D:1      | Reached XP level 1. HP: 21/21 MP: 1/1
   115 | D:1      | Reached XP level 2. HP: 25/30 MP: 2/2
   337 | D:1      | Reached XP level 3. HP: 23/36 MP: 3/3
   705 | D:2      | Noticed Sigmund
   730 | D:2      | Killed Sigmund
   730 | D:2      | Reached skill level 1 in Axes
   730 | D:2      | Reached skill level 1 in Dodging
   730 | D:2      | Reached XP level 4. HP: 34/45 MP: 2/2
   730 | D:2      | Reached XP level 5. HP: 39/51 MP: 3/3
   790 | D:2      | Found an opulent altar of Gozag.
  1324 | D:3      | Reached XP level 6. HP: 39/58 MP: 4/4
  1546 | D:3      | Found a snail-covered altar of Cheibriados.
  1627 | D:3      | Found a runed translucent door.
  1628 | D:3      | Noticed Crazy Yiuf
  1747 | D:3      | Noticed Terence
  1767 | D:3      | Killed Terence
  2412 | D:4      | Reached XP level 7. HP: 57/66 MP: 4/4
  2614 | D:4      | Reached skill level 5 in Fighting
  2616 | D:4      | Noticed a water elemental
  2617 | D:4      | Found a stormy altar of Qazlal.
  2625 | D:4      | Noticed a fire elemental
  2625 | D:4      | Noticed an air elemental
  2659 | D:4      | Found a blossoming altar of Fedhas.
  2666 | D:4      | Found a white marble altar of Elyvilon.
  2840 | D:5      | Entered Level 5 of the Dungeon
  3238 | D:5      | Noticed Pikel
  3304 | D:5      | Killed Pikel
  3304 | D:5      | Reached skill level 5 in Axes
  3304 | D:5      | Reached XP level 8. HP: 43/75 MP: 4/4
  3314 | D:5      | Reached skill level 5 in Armour
  3390 | D:5      | Found a staircase to the Ecumenical Temple.
  3407 | Temple   | Entered the Ecumenical Temple
  3937 | D:6      | Found a snail-covered altar of Cheibriados.
  4194 | D:6      | Found a glowing drain.
  4211 | Sewer    | Entered a sewer
  4650 | D:7      | Found Mosow's Armour Emporium.
  4654 | D:7      | Bought a +0 buckler for 54 gold pieces
  4654 | D:7      | Bought a +1 cloak of poison resistance for 162 gold pieces
  4771 | D:7      | Found a shimmering altar of Xom.
  4835 | D:7      | Gained mutation: You passively map the area around you.
                  | [Deep Dwarf growth]
  4835 | D:7      | Reached XP level 9. HP: 57/82 MP: 4/4
  5161 | D:7      | Noticed Duvessa
  5203 | D:7      | Killed Duvessa
  5215 | D:7      | Noticed Dowan
  5235 | D:7      | Killed Dowan
  5463 | D:7      | Found an ornate altar of the Wu Jian Council.
  5470 | D:7      | Found a burning altar of Makhleb.
  5549 | D:7      | Became a worshipper of Makhleb the Destroyer
  5575 | D:7      | Noticed Prince Ribbit
  5605 | D:7      | Killed Prince Ribbit
  5990 | D:8      | Got a twisted hand axe
  6050 | D:7      | Identified the +7 hand axe of Trog's Scorn {chop, rF++
                  | Int+2 Dex-4} (You found it on level 8 of the Dungeon)
  6184 | D:8      | Reached skill level 5 in Throwing
  6257 | D:8      | Found a staircase to the Lair.
  6824 | D:8      | Reached * piety under Makhleb
  7263 | D:9      | Noticed a two-headed ogre
  7296 | D:9      | Killed a two-headed ogre
  7296 | D:9      | Reached XP level 10. HP: 72/94 MP: 5/5
  7456 | D:9      | Noticed Joseph
  7689 | D:9      | Killed Joseph
  7689 | D:9      | Reached skill level 1 in Shields
  7837 | D:9      | Reached ** piety under Makhleb
  7838 | D:9      | Reached skill level 5 in Dodging
  7919 | D:9      | Reached XP level 11. HP: 64/102 MP: 6/6
  8290 | D:9      | Noticed Erolcha
  8320 | D:9      | Killed Erolcha
  8320 | D:9      | Reached skill level 10 in Axes
  8506 | D:9      | Found a glowing silver altar of Zin.
  8558 | D:10     | Entered Level 10 of the Dungeon
  8578 | D:10     | Noticed a two-headed ogre
  9026 | D:10     | Identified the +8 whip "Wuostr Metz" {protect, rF+}
  9026 | D:10     | Noticed a deep elf mage
  9063 | D:10     | Killed a deep elf mage
  9101 | D:10     | Noticed a two-headed ogre
  9120 | D:10     | Killed a two-headed ogre
  9120 | D:10     | Reached *** piety under Makhleb
  9209 | D:10     | Killed an unseen horror
  9372 | D:10     | Identified the Almanac of Bewitching Clay
  9430 | D:10     | Got a steaming longbow
  9723 | D:11     | Found a portal to a secret trove of treasure.
 10037 | D:11     | Noticed Nergalle
 10061 | D:11     | Killed Nergalle
 10061 | D:11     | Reached XP level 12. HP: 96/112 MP: 6/6
 10500 | Lair:1   | Entered Level 1 of the Lair of Beasts
 10628 | Lair:1   | Noticed an eight-headed hydra
 10695 | Lair:1   | Reached **** piety under Makhleb
 10825 | Lair:1   | Reached skill level 10 in Armour
 11192 | Lair:2   | Noticed a five-headed hydra
 11268 | Lair:1   | Killed a 13-headed hydra
 11295 | Lair:1   | Found a glowing silver altar of Zin.
 11491 | Lair:2   | Reached skill level 1 in Evocations
 11546 | Lair:2   | Got a pair of spiked gloves
 11557 | Lair:2   | Identified the +0 pair of gloves of Agnosticism {rC+ Str+4
                  | Dex+3 Slay-6} (You found it on level 2 of the Lair of
                  | Beasts)
 11855 | Lair:2   | Reached skill level 5 in Shields
 12074 | Lair:2   | Found a staircase to the Shoals.
 12214 | Lair:2   | Reached ***** piety under Makhleb
 12292 | Lair:2   | Reached XP level 13. HP: 121/121 MP: 5/5
 12518 | Lair:3   | Noticed Sonja
 12540 | Lair:3   | Killed Sonja
 13751 | Lair:4   | Found a dark tunnel.
 13757 | Volcano  | Entered a volcano
 13845 | Volcano  | Reached skill level 10 in Fighting
 15075 | Lair:5   | Reached ****** piety under Makhleb
 15090 | Lair:5   | Gained mutation: You resist negative energy. (rN+) [Deep
                  | Dwarf growth]
 15090 | Lair:5   | Reached XP level 14. HP: 132/133 MP: 3/3
 15431 | Lair:4   | Found a hole to the Spider Nest.
 15516 | Lair:5   | Found a staircase to the Slime Pits.
 15707 | Lair:6   | Entered Level 6 of the Lair of Beasts
 15721 | Lair:6   | Reached skill level 15 in Axes
 16550 | Lair:6   | Gained mutation: You have supernaturally acute eyesight.
                  | (SInv) [mutagenic glow]
 16795 | Lair:6   | Found a large runed translucent door.
 16863 | Lair:6   | Found a large runed translucent door.
 17351 | D:12     | Found a staircase to the Orcish Mines.
 17525 | D:12     | You fall through a shaft for 3 floors!
 17525 | D:15     | Entered Level 15 of the Dungeon
 17589 | D:14     | Found a gate leading to a gauntlet.
 17598 | Gauntlet | Entered a Gauntlet
 17598 | Gauntlet | Found a transporter.
 17598 | Gauntlet | Found a transporter.
 17598 | Gauntlet | Found a transporter.
 17599 | Gauntlet | Found a transporter.
 17600 | Gauntlet | Found a transporter.
 17604 | Gauntlet | Found a transporter.
 17609 | Gauntlet | Found a transporter.
 17611 | Gauntlet | Found a transporter.
 17613 | Gauntlet | Found a transporter.
 17617 | Gauntlet | Found a transporter.
 17620 | Gauntlet | Found the +9 sword of Zonguldrok {reap}
 17622 | Gauntlet | Found a transporter.
 17623 | Gauntlet | Found a transporter.
 17963 | Gauntlet | Identified the +1 chain mail of the Scribe {rPois MR++
                  | Int+7}
 18234 | D:13     | Found a gate to the Vaults.
 18352 | Orc:1    | Entered Level 1 of the Orcish Mines
 18465 | Orc:1    | Found a roughly hewn altar of Beogh.
 18738 | Orc:2    | Entered Level 2 of the Orcish Mines
 18741 | Orc:2    | Noticed an orc warlord
 18759 | Orc:2    | Reached XP level 15. HP: 137/142 MP: 4/4
 18774 | Orc:2    | Killed an orc warlord
 18818 | Orc:2    | Found a staircase to the Elven Halls.
 18818 | Orc:2    | Found a roughly hewn altar of Beogh.
 18831 | Orc:2    | Found Worouw's Antique Weapon Emporium.
 18849 | Orc:2    | Found Tytavu's Antique Armour Emporium.
 18897 | Orc:2    | Found Rihil's Book Emporium.
 18919 | Orc:2    | Found Wucleror's General Store.
 19007 | Orc:2    | Bought the +3 crown of Dyrovepreva {rElec Int+2 SInv} for
                  | 745 gold pieces
 19007 | Orc:2    | Found the +3 crown of Dyrovepreva {rElec Int+2 SInv}
 19806 | Spider:1 | Entered Level 1 of the Spider Nest
 20066 | Spider:1 | Noticed Azrael
 20086 | Spider:1 | Killed Azrael
 20292 | Spider:1 | Found a runed translucent door.
 20393 | Spider:1 | Noticed Qyadack's ghost (adept HOFi)
 21131 | D:12     | Found an opulent altar of Gozag.
 22215 | Spider:2 | Identified the Grimoire of Moulding and Cold
 22445 | Spider:3 | Noticed a ghost moth
 22573 | Spider:3 | Reached XP level 16. HP: 154/154 MP: 3/5
 22703 | Spider:1 | Killed Qyadack's ghost
 22703 | Spider:1 | Reached skill level 10 in Dodging
 23114 | Spider:3 | Reached skill level 5 in Evocations
 23423 | Spider:4 | Entered Level 4 of the Spider Nest
 24215 | Spider:4 | Paralysed by a hornet for 1 turns
 24530 | Spider:4 | Reached skill level 1 in Invocations
 24968 | Spider:4 | Reached XP level 17. HP: 146/164 MP: 0/9
 25292 | Spider:4 | Got a gossamer rune of Zot
 26054 | Shoals:1 | Entered Level 1 of the Shoals
 26166 | Shoals:1 | Identified the Compendium of Venomous Sinister Magic
 26293 | Shoals:1 | Reached skill level 5 in Invocations
 26380 | Shoals:1 | Gained mutation: Armour fits poorly on your strangely
                  | shaped body. [mutagenic glow]
 26404 | Shoals:1 | Gained mutation: You occasionally shout uncontrollably at
                  | your foes. [mutagenic glow]
 26417 | Shoals:1 | Lost mutation: Armour fits poorly on your strangely shaped
                  | body. [potion of mutation]
 26417 | Shoals:1 | Lost mutation: You occasionally shout uncontrollably at
                  | your foes. [potion of mutation]
 26417 | Shoals:1 | Lost mutation: You have supernaturally acute eyesight.
                  | (SInv) [potion of mutation]
 26417 | Shoals:1 | Gained mutation: You possess an exceptional clarity of
                  | mind. [potion of mutation]
 26417 | Shoals:1 | Gained mutation: You can translocate small distances at
                  | will. [potion of mutation]
 26417 | Shoals:1 | Gained mutation: Your muscles are strong. (Str +2) [potion
                  | of mutation]
 26623 | Shoals:1 | Reached skill level 10 in Shields
 26751 | Shoals:1 | Identified Sif Muna's Guide on Shifting Curses
 26854 | Shoals:1 | Cast into level 2 of the Abyss (merfolk impaler)
 26984 | Abyss:2  | Found a corrupted altar of Lugonu.
 27044 | Abyss:2  | Found a stormy altar of Qazlal.
 27045 | Abyss:2  | Found a corrupted altar of Lugonu.
 27059 | Abyss:2  | Found a corrupted altar of Lugonu.
 27458 | Abyss:3  | Found a corrupted altar of Lugonu.
 27475 | Shoals:1 | Escaped the Abyss
 27651 | Shoals:2 | Noticed Roxanne
 27990 | Shoals:2 | Noticed Ilsuiw
 28026 | Shoals:2 | Killed Ilsuiw
 29026 | Shoals:2 | Reached skill level 5 in Stealth
 29262 | Shoals:2 | Noticed Polyphemus
 29304 | Shoals:2 | Killed Polyphemus
 29307 | Shoals:2 | Gained mutation: You passively map a large area around you.
                  | [Deep Dwarf growth]
 29307 | Shoals:2 | Reached XP level 18. HP: 169/174 MP: 9/9
 29454 | Shoals:3 | Found a flickering gateway to a bazaar.
 29493 | Bazaar   | Entered a bazaar
 29498 | Bazaar   | Found Neqirhad's Weapon Emporium.
 29499 | Bazaar   | Found Xuagh's Magic Scroll Shoppe.
 29521 | Bazaar   | Found Gujinast's Armour Shop.
 29521 | Bazaar   | Found Moesche's Weapon Boutique.
 29543 | Bazaar   | Found Wezaluan's Distillery.
 29562 | Bazaar   | Found Fyr Inu's Jewellery Emporium.
 29678 | Bazaar   | Bought the cursed +0 cloak of Noulur {-Tele Str+3 Int+5
                  | SInv} for 262 gold pieces
 29701 | Bazaar   | Bought a scroll of enchant armour for 105 gold pieces
 29701 | Bazaar   | Bought a scroll of teleportation for 42 gold pieces
 29701 | Bazaar   | Bought a scroll of summoning for 133 gold pieces
 29735 | Bazaar   | Bought a +6 ring of evasion for 702 gold pieces
 29735 | Bazaar   | Bought the ring of the Mage {Wiz MR++ Int+3} for 465 gold
                  | pieces
 29735 | Bazaar   | Found the ring of the Mage {Wiz MR++ Int+3}
 29772 | Bazaar   | Bought a potion of curing for 33 gold pieces
 29772 | Bazaar   | Bought 2 potions of mutation for 176 gold pieces
 29772 | Bazaar   | Bought a potion of haste for 110 gold pieces
 31576 | Shoals:4 | Entered Level 4 of the Shoals
 31791 | Shoals:4 | Identified a scroll of acquirement
 32390 | Shoals:4 | Reached skill level 10 in Invocations
 32403 | Shoals:4 | Got a barnacled rune of Zot
 32779 | Elf:1    | Entered Level 1 of the Elven Halls
 32834 | Elf:1    | You fall through a shaft!
 32902 | Elf:2    | Noticed Saint Roka
 32933 | Elf:2    | Killed Saint Roka
 32983 | Elf:2    | Reached XP level 19. HP: 116/183 MP: 12/12
 33115 | Elf:2    | Found a runed translucent gate.
 33115 | Elf:2    | Found a runed translucent gate.
 33115 | Elf:2    | Found a runed translucent gate.
 33196 | Elf:2    | Found Zuxtet's General Store.
 33431 | Elf:2    | Identified the cursed +0 plate armour of the Bells {rCorr}
                  | (You found it on level 2 of the Elven Halls)
 34580 | Elf:3    | Entered Level 3 of the Elven Halls
 34791 | Elf:3    | Noticed Nikola
 34806 | Elf:3    | Killed Nikola
 34837 | Elf:3    | Found Ucytaa's Antique Armour Shoppe.
 34843 | Elf:3    | Bought a pair of encrusted boots for 285 gold pieces
 34843 | Elf:3    | Identified the cursed +0 pair of boots of Tartarus {rN++
                  | Str+6} (You bought it in a shop on level 3 of the Elven
                  | Halls)
 35940 | Elf:3    | Identified the cursed +3 quick blade of the Asp {protect,
                  | rElec rF++ Stlth-}
 35994 | Elf:3    | Identified the amulet of Amomal {Spirit rPois rF++ Str-4}
 36197 | Elf:3    | Reached XP level 20. HP: 193/193 MP: 15/15
 36200 | Elf:3    | Identified the ring "Husaopp" {*Slow rElec MR+ Str+4}
 36280 | Elf:3    | Found the +27 Lear's hauberk
 36350 | Elf:3    | Reached skill level 15 in Fighting
 36839 | D:13     | Found a roughly hewn altar of Beogh.
 37071 | Vaults:1 | Entered Level 1 of the Vaults
 38851 | D:14     | Found a shattered altar of Ashenzari.
 39414 | Vaults:2 | Reached XP level 21. HP: 202/202 MP: 16/16
 39429 | Vaults:2 | Found Popt's General Store.
 39450 | Vaults:2 | Bought a scroll of summoning for 218 gold pieces
 40452 | Vaults:3 | Found a staircase to the Crypt.
 40452 | Vaults:3 | Found an ancient bone altar of Kikubaaqudgha.
 40456 | Vaults:3 | Found a basalt altar of Yredelemnul.
 41058 | Vaults:4 | Noticed Frederick
 41105 | Vaults:4 | Killed Frederick
 41511 | Vaults:4 | Found Puohiutu's Weapon Boutique.
 41617 | Vaults:4 | Reached XP level 22. HP: 213/213 MP: 18/18
 42054 | Vaults:4 | Got a clouded golden ring
 42055 | Vaults:4 | Identified the ring "Wane" {Slay+6 Stlth-} (You found it on
                  | level 4 of the Vaults)
 42700 | D:14     | Found an ornate altar of the Wu Jian Council.
 43033 | D:15     | Noticed Josephine
 43041 | D:15     | Killed Josephine
 43188 | D:15     | Found a staircase to the Depths.
 43359 | D:15     | Found Buth's Blood Bar.
 43426 | D:15     | Noticed Agnes
 43440 | D:15     | Killed Agnes
 43615 | Depths:1 | Entered Level 1 of the Depths
 43752 | Depths:1 | Found a gateway to Hell.
 44258 | Elf:2    | Bought the +10 crystal plate armour of Pexuc {Str+6} for
                  | 1319 gold pieces
 44811 | D:3      | Killed Crazy Yiuf
 45196 | Depths:1 | Found Arisayd's Jewellery Boutique.
 45205 | Depths:1 | Found Uwaezoit's Gadget Emporium.
 45207 | Depths:1 | Found Soadic's Jewellery Boutique.
 45892 | Depths:1 | Bought an uncursed ring of protection from fire for 450
                  | gold pieces
 45933 | Depths:2 | Identified the +3 faerie dragon scales {*Contam MR+ rCorr
                  | Str+2 Dex+8}
 45933 | Depths:2 | Noticed the Enchantress
 45957 | Depths:2 | Noticed a caustic shrike
 45962 | Depths:2 | Killed the Enchantress
 45973 | Depths:2 | Killed a caustic shrike
 46364 | Depths:2 | Reached XP level 23. HP: 224/224 MP: 19/19
 46868 | Depths:3 | Reached skill level 27 in Axes
 47182 | Depths:3 | Reached skill level 15 in Armour
 47223 | Depths:3 | Found a one-way gate leading to the halls of Pandemonium.
 47335 | Depths:3 | Got a vibrating silver amulet
 47336 | Depths:3 | Identified the amulet "Fytuipu" {RegenMP *Contam rPois
                  | Str+4} (You found it on level 3 of the Depths)
 47721 | Depths:4 | Found a flickering gateway to a bazaar.
 47770 | Depths:4 | Found Yronlet's General Store.
 47785 | Depths:4 | Found Waongu's Jewellery Shoppe.
 47844 | Depths:4 | Found Rec Ipa's Antique Weapon Shoppe.
 47881 | Depths:4 | Found a one-way gate to the infinite horrors of the Abyss.
 47909 | Bazaar   | Entered a bazaar
 47909 | Bazaar   | Found Ziunociade's Antique Armour Shoppe.
 47909 | Bazaar   | Found Qyatoent's Book Emporium.
 47923 | Bazaar   | Bought a runed scarf for 200 gold pieces
 48050 | Depths:4 | Found a glowing golden altar of the Shining One.
 48060 | Depths:4 | Identified the Grimoire of Hexes and the Compass
 48123 | Depths:4 | Got a crude jade ring
 48359 | Depths:4 | Identified the ring "Juavuw" {Fire Dex+4} (You found it on
                  | level 4 of the Depths)
 48360 | Depths:4 | Identified the +2 pair of gloves of the Boiling Point {rF+}
                  | (You acquired it on level 4 of the Depths)
 48971 | Depths:5 | Entered Level 5 of the Depths
 49115 | Depths:4 | Found Bemu's Weapon Shoppe.
 49165 | Depths:5 | Found a gateway to a ziggurat.
 49336 | Depths:1 | Bought a wand of digging (5) for 342 gold pieces
 49955 | Depths:5 | Reached XP level 24. HP: 171/241 MP: 19/19
 50035 | Depths:5 | Found a gate to the Realm of Zot.
 50853 | Vaults:5 | Entered Level 5 of the Vaults
 50858 | Vaults:5 | Noticed an ancient lich
 50867 | Vaults:5 | Killed an ancient lich
 50911 | Vaults:5 | Identified the cursed +3 whip "Maghoseo" {drain, *Rage
                  | rPois rF+}
 51071 | Vaults:5 | Got a silver rune of Zot
 51203 | Vaults:5 | Reached XP level 25. HP: 256/256 MP: 19/19
 51337 | Vaults:5 | Identified the ring "Hoggoyt" {rElec rPois rF- MP+9 Str+2}
 51374 | Vaults:5 | Identified the +1 cloak "Ivoi" {rCorr Str+4 Dex+4} (You
                  | found it on level 5 of the Vaults)
 51387 | Vaults:5 | Identified the cursed +0 cloak of the Neverending Suns {rN+
                  | MR++ Int-3} (You found it on level 5 of the Vaults)
 51541 | Vaults:5 | Identified the +4 broad axe of Syz Emudgh {chop, +Blink
                  | rPois rC+}
 52537 | Zot:1    | Entered Level 1 of the Realm of Zot
 53317 | Zot:1    | Noticed an orb of fire
 53330 | Zot:1    | Killed an orb of fire
 53760 | Zot:1    | Reached XP level 26. HP: 274/274 MP: 19/19
 55383 | Zot:3    | Noticed an orb of fire
 55384 | Zot:3    | Noticed an orb of fire
 55384 | Zot:3    | Noticed an orb of fire
 55389 | Zot:3    | Noticed an orb of fire
 55392 | Zot:3    | Gained mutation: You have sharp toenails. [an orb of fire]
 55398 | Zot:3    | Gained mutation: Potions are less effective at restoring
                  | your health. [an orb of fire]
 55401 | Zot:3    | Gained mutation: Your magical capacity is low. (-10% MP)
                  | [an orb of fire]
 55403 | Zot:3    | You fall through a shaft!
 55452 | Zot:3    | Killed an orb of fire
 55454 | Zot:3    | Killed an orb of fire
 55459 | Zot:3    | Gained mutation: You are frail. (-10% HP) [an orb of fire]
 55461 | Zot:3    | Killed an orb of fire
 55473 | Zot:3    | Killed an orb of fire
 56497 | Zot:5    | Entered Level 5 of the Realm of Zot
 56502 | Zot:5    | Noticed an ancient lich
 56502 | Zot:5    | Noticed an orb of fire
 56502 | Zot:5    | Noticed an orb of fire
 56507 | Zot:5    | Noticed an ancient lich
 56507 | Zot:5    | Gained mutation: Your spells are a little easier to cast,
                  | but a little less powerful. [an orb of fire]
 56509 | Zot:5    | Noticed an ancient lich
 56510 | Zot:5    | Noticed an ancient lich
 56518 | Zot:5    | Killed an ancient lich
 56519 | Zot:5    | Gained mutation: You are clumsy. (Dex -2) [an orb of fire]
 56521 | Zot:5    | Noticed an orb of fire
 56539 | Zot:5    | Gained mutation: Your body sometimes deteriorates upon
                  | taking damage. [an orb of fire]
 56540 | Zot:5    | Noticed an ancient lich
 56649 | Zot:5    | Reached XP level 27. HP: 259/259 MP: 14/15
 56808 | Zot:5    | Noticed an ancient lich
 56822 | Zot:5    | Killed an ancient lich
 56828 | Zot:5    | Killed an orb of fire
 56899 | Zot:5    | Killed an ancient lich
 56908 | Zot:5    | Noticed an orb of fire
 56928 | Zot:5    | Killed an ancient lich
 56944 | Zot:5    | Killed an orb of fire
 56946 | Zot:5    | Killed an orb of fire
 56950 | Zot:5    | Killed an ancient lich
 56955 | Zot:5    | Lost mutation: Your muscles are strong. (Str +2) [an orb of
                  | fire]
 56966 | Zot:5    | Gained mutation: Your spells are easier to cast, but less
                  | powerful. [an orb of fire]
 56973 | Zot:5    | Killed an orb of fire
 57162 | Zot:5    | Noticed an orb of fire
 57162 | Zot:5    | Gained mutation: You occasionally shout uncontrollably at
                  | your foes. [an orb of fire]
 57165 | Zot:5    | Killed an ancient lich
 57167 | Zot:5    | Gained mutation: Armour fits poorly on your strangely
                  | shaped body. [an orb of fire]
 57172 | Zot:5    | Killed an orb of fire
 57981 | Slime:1  | Entered Level 1 of the Pits of Slime
 58123 | Slime:4  | Reached skill level 27 in Fighting
 58239 | Slime:4  | Lost mutation: You have sharp toenails. [potion of
                  | mutation]
 58239 | Slime:4  | Lost mutation: You can translocate small distances at will.
                  | [potion of mutation]
 58239 | Slime:4  | Lost mutation: You possess an exceptional clarity of mind.
                  | [potion of mutation]
 58239 | Slime:4  | Lost mutation: You are clumsy. (Dex -2) [potion of
                  | mutation]
 58239 | Slime:4  | Gained mutation: You have a pair of small horns on your
                  | head. [potion of mutation]
 58239 | Slime:4  | Gained mutation: You have a somewhat thin skeletal
                  | structure. (Dex +2, Stealth) [potion of mutation]
 58240 | Slime:4  | Lost mutation: Your body sometimes deteriorates upon taking
                  | damage. [potion of mutation]
 58240 | Slime:4  | Lost mutation: You occasionally shout uncontrollably at
                  | your foes. [potion of mutation]
 58240 | Slime:4  | Lost mutation: You have a pair of small horns on your head.
                  | [potion of mutation]
 58240 | Slime:4  | Lost mutation: Your magical capacity is low. (-10% MP)
                  | [potion of mutation]
 58241 | Slime:4  | Lost mutation: Potions are less effective at restoring your
                  | health. [potion of mutation]
 58241 | Slime:4  | Lost mutation: You are frail. (-10% HP) [potion of
                  | mutation]
 58241 | Slime:4  | Lost mutation: Armour fits poorly on your strangely shaped
                  | body. [potion of mutation]
 58241 | Slime:4  | Lost mutation: Your spells are easier to cast, but less
                  | powerful. [potion of mutation]
 58241 | Slime:4  | Gained mutation: Your magical capacity is low. (-10% MP)
                  | [potion of mutation]
 58241 | Slime:4  | Gained mutation: You occasionally shout uncontrollably at
                  | your foes. [potion of mutation]
 58241 | Slime:4  | Gained mutation: You have sharp fingernails. [potion of
                  | mutation]
 58244 | Slime:5  | Entered Level 5 of the Pits of Slime
 58262 | Slime:5  | Noticed the Royal Jelly
 58280 | Slime:5  | Killed the Royal Jelly
 58369 | Slime:5  | Found the amulet of the Air {Inacc +Fly rElec EV+5 RMsl}
 58378 | Slime:5  | Got a slimy rune of Zot
 58403 | Slime:5  | Identified Lyfriekk's Incunabulum of Evil Ice
 58408 | Slime:5  | Got a slimy silver ring
 58411 | Slime:5  | Identified the Reference Book on Mutagenic Envenoming
 58443 | Slime:5  | Identified the ring "Itritas" {Wiz MR+ Str+2 Int+3 Dex-2}
                  | (You found it on level 5 of the Pits of Slime)
 58975 | Depths:4 | Voluntarily entered the Abyss.
 59150 | Abyss:1  | Gained mutation: You are frail. (-10% HP) [a cacodemon]
 59928 | Abyss:4  | Got an abyssal rune of Zot
 59988 | Abyss:4  | Paralysed by accursed screaming for 1 turns
 60027 | Abyss:5  | Entered Level 5 of the Abyss
 60159 | Depths:4 | Escaped the Abyss
 60165 | Depths:4 | Lost mutation: You are frail. (-10% HP) [potion of
                  | mutation]
 60165 | Depths:4 | Lost mutation: You have sharp fingernails. [potion of
                  | mutation]
 60165 | Depths:4 | Lost mutation: Your spells are a little easier to cast, but
                  | a little less powerful. [potion of mutation]
 60165 | Depths:4 | Lost mutation: Your magical capacity is low. (-10% MP)
                  | [potion of mutation]
 60165 | Depths:4 | Gained mutation: You possess an exceptional clarity of
                  | mind. [potion of mutation]
 60165 | Depths:4 | Gained mutation: Your muscles are strong. (Str +2) [potion
                  | of mutation]
 60165 | Depths:4 | Gained mutation: You are resistant to hostile enchantments.
                  | (MR+) [potion of mutation]
 60805 | D:11     | You paid a toll of 13 potions of heal wounds to enter a
                  | treasure trove
 60806 | Trove    | Entered a treasure trove
 60810 | Trove    | Found the +15 Maxwell's patent armour {-Cast -Tele rElec
                  | MR+ rCorr}
 61045 | Hell     | Entered the Vestibule of Hell
 61045 | Hell     | Noticed Geryon
 61063 | Hell     | Noticed Murray
 61070 | Hell     | Killed Geryon
 61087 | Hell     | Killed Murray
 61192 | Hell     | Found a gateway to the ashen valley of Gehenna.
 61233 | Hell     | Found a gateway to the decaying netherworld of Tartarus.
 61353 | Hell     | Found a gateway to the freezing wastes of Cocytus.
 61399 | Hell     | Found a gateway to the Iron City of Dis.
 61407 | Hell     | Reached skill level 10 in Stealth
 61649 | Geh:1    | Entered Level 1 of Gehenna
 61743 | Geh:2    | Reached skill level 15 in Dodging
 62022 | Depths:4 | Voluntarily entered the Abyss.
 62023 | Abyss:1  | Found a corrupted altar of Lugonu.
 62104 | Abyss:1  | Found a corrupted altar of Lugonu.
 62119 | Abyss:1  | Found a hide-covered altar of Uskayaw.
 62455 | Abyss:3  | Found a corrupted altar of Lugonu.
 62464 | Depths:4 | Escaped the Abyss
 63796 | Geh:7    | Entered Level 7 of Gehenna
 63853 | Geh:7    | Identified the +4 plate armour "Esyki" {rPois rCorr Slay+2}
                  | (You acquired it on level 7 of Gehenna)
 63858 | Geh:7    | Got a scorched ivory ring
 63859 | Geh:7    | Identified the ring "Fyisit" {rCorr +Fly rPois Dex+2} (You
                  | acquired it on level 7 of Gehenna)
 64241 | Geh:7    | Reached skill level 10 in Throwing
 64571 | Geh:7    | Identified the +7 sceptre of Asmodeus
 64571 | Geh:7    | Noticed Asmodeus
 64592 | Geh:7    | Gained mutation: Your spells are a little easier to cast,
                  | but a little less powerful. [mutagenic glow]
 64594 | Geh:7    | Killed Asmodeus
 64605 | Geh:7    | Reached skill level 27 in Armour
 64686 | Geh:7    | Got an obsidian rune of Zot
 64938 | Depths:1 | Bought the ring "Gugog" {rPois rC+ Int+2} for 462 gold
                  | pieces
 66069 | Depths:4 | Bought a phantom mirror for 540 gold pieces
 66246 | Coc:1    | Entered Level 1 of Cocytus
 66682 | Coc:7    | Entered Level 7 of Cocytus
 67273 | Depths:4 | Voluntarily entered the Abyss.
 67429 | Depths:4 | Escaped the Abyss
 67488 | Tar:1    | Entered Level 1 of Tartarus
 67691 | Coc:3    | Reached skill level 15 in Throwing
 68011 | Coc:7    | Noticed the Serpent of Hell
 68027 | Coc:7    | Killed the Serpent of Hell
 68611 | Coc:7    | Noticed Antaeus
 68632 | Coc:7    | Killed Antaeus
 68656 | Coc:7    | Got an icy rune of Zot
 68658 | Coc:7    | Found the +6 arbalest "Damnation" {damnation}
 68659 | Coc:7    | Found the ring of Robustness {AC+8}
 68660 | Coc:7    | Found the +9 heavy crossbow "Sniper" {velocity, Acc+∞ SInv}
 68661 | Coc:7    | Got a sparkling golden ring
 69030 | Dis:1    | Entered Level 1 of the Iron City of Dis
 69142 | Dis:1    | Gained mutation: Your magical capacity is low. (-10% MP)
                  | [mutagenic glow]
 69264 | Dis:1    | Gained mutation: You are frail. (-10% HP) [mutagenic glow]
 69287 | Dis:2    | You fall through a shaft for 2 floors!
 69293 | Dis:4    | You fall through a shaft!
 69403 | Dis:7    | Entered Level 7 of the Iron City of Dis
 69685 | Dis:7    | Reached skill level 10 in Evocations
 70025 | Dis:7    | Reached skill level 1 in Spellcasting
 70048 | Dis:7    | Identified the +4 staff of Dispater
 70048 | Dis:7    | Noticed Dispater
 70208 | Dis:7    | Got a sparkling amethyst amulet
 70209 | Dis:7    | Identified the ring "Doogius" {*Contam MR+ Str-5 Int+9
                  | Dex+4} (You found it on level 7 of Cocytus)
 70217 | Dis:7    | Identified the amulet "Qacaplem" {Inacc rPois Dex+3} (You
                  | found it on level 7 of the Iron City of Dis)
 70365 | Dis:7    | Reached skill level 5 in Spellcasting
 70376 | Dis:7    | Identified the Grimoire of Conjuration
 70587 | Dis:7    | Killed Dispater
 70667 | Dis:7    | Got an iron rune of Zot
 70856 | Zig:1    | Entered Level 1 of a ziggurat
 70872 | Zig:2    | Entered Level 2 of a ziggurat
 70897 | Zig:3    | Entered Level 3 of a ziggurat
 70922 | Zig:4    | Entered Level 4 of a ziggurat
 70948 | Zig:5    | Entered Level 5 of a ziggurat
 70949 | Zig:5    | Noticed Vurghe the pandemonium lord
 70964 | Zig:5    | Killed Vurghe the pandemonium lord
 70993 | Zig:5    | Got a scorched brass amulet
 70997 | Zig:5    | Identified the amulet "Maban" {*Drain rPois Regen+ Int+6}
                  | (You found it on level 5 of a ziggurat)
 71003 | Zig:6    | Entered Level 6 of a ziggurat
 71061 | Zig:7    | Entered Level 7 of a ziggurat
 71078 | Zig:7    | Reached skill level 10 in Spellcasting
 71113 | Zig:8    | Entered Level 8 of a ziggurat
 71119 | Zig:8    | Noticed an orb of fire
 71119 | Zig:8    | Gained mutation: Your magical capacity is very low. (-20%
                  | MP) [an orb of fire]
 71122 | Zig:8    | Noticed an orb of fire
 71123 | Zig:8    | Gained mutation: You are very frail. (-20% HP) [an orb of
                  | fire]
 71131 | Zig:8    | Killed an orb of fire
 71133 | Zig:8    | Gained mutation: You sometimes yell uncontrollably at your
                  | foes. [an orb of fire]
 71135 | Zig:8    | Killed an orb of fire
 71143 | Zig:8    | Got a brightly glowing turquoise ring
 71144 | Zig:8    | Identified the ring of Bonohaig {rPois Str+3} (You found it
                  | on level 8 of a ziggurat)
 71153 | Zig:8    | Identified the Catalogue of Floating Attacks
 71162 | Zig:8    | Got a wavering silver ring
 71163 | Zig:8    | Identified the ring of Ykaotusy {AC+1 Str+5} (You found it
                  | on level 8 of a ziggurat)
 71172 | Zig:9    | Entered Level 9 of a ziggurat
 71214 | Zig:10   | Entered Level 10 of a ziggurat
 71279 | Zig:11   | Entered Level 11 of a ziggurat
 71319 | Zig:11   | Noticed Moed the pandemonium lord
 71376 | Depths:4 | Voluntarily entered the Abyss.
 71410 | Abyss:2  | Found a corrupted altar of Lugonu.
 71597 | Depths:4 | Escaped the Abyss
 71860 | Crypt:1  | Entered Level 1 of the Crypt
 72084 | Crypt:1  | Lost mutation: Your muscles are strong. (Str +2) [potion of
                  | mutation]
 72084 | Crypt:1  | Lost mutation: You are very frail. (-20% HP) [potion of
                  | mutation]
 72084 | Crypt:1  | Lost mutation: You are resistant to hostile enchantments.
                  | (MR+) [potion of mutation]
 72084 | Crypt:1  | Gained mutation: Your muscles are strong. (Str +2) [potion
                  | of mutation]
 72085 | Crypt:1  | Lost mutation: You are frail. (-10% HP) [potion of
                  | mutation]
 72085 | Crypt:1  | Lost mutation: Your muscles are strong. (Str +2) [potion of
                  | mutation]
 72085 | Crypt:1  | Lost mutation: You sometimes yell uncontrollably at your
                  | foes. [potion of mutation]
 72085 | Crypt:1  | Gained mutation: Your flesh is cold resistant. (rC+)
                  | [potion of mutation]
 73194 | Crypt:2  | Found a runed translucent gate.
 73194 | Crypt:2  | Found a runed translucent gate.
 73194 | Crypt:2  | Found a runed translucent gate.
 73239 | Crypt:2  | Identified the +1 large shield of the Orb {-Tele +Inv rElec
                  | Regen+} (You found it on level 2 of the Crypt)
 73388 | Crypt:3  | Entered Level 3 of the Crypt
 73400 | Crypt:3  | Reached skill level 15 in Evocations
 73976 | Crypt:3  | Found a staircase to the Tomb.
 74198 | Crypt:3  | Identified the ring "Sicrit" {Str+3 Int+4 Dex+6} (You found
                  | it on level 3 of the Crypt)
 74325 | Crypt:3  | Noticed an ancient lich
 74337 | Crypt:3  | Killed an ancient lich
 74361 | Crypt:3  | Identified the +7 rapier "Biaw Onn" {pierce, *Corrode rPois
                  | MP+9 Dex+2}
 74427 | Crypt:3  | Identified the Volume of Intoxication and Illusion
 74448 | Crypt:3  | Got a sparkling brass ring
 74449 | Crypt:3  | Identified the ring "Veaximn" {*Tele +Blink rF+ rC+} (You
                  | found it on level 3 of the Crypt)
 74454 | Crypt:3  | Got a shimmering emerald amulet
 74455 | Crypt:3  | Identified the amulet "Zecu" {RegenMP Dex+3 SInv} (You
                  | found it on level 3 of the Crypt)
 74558 | Crypt:3  | Got a glittering graven amulet
 74559 | Crypt:3  | Identified the amulet "Xojac" {Acrobat Int+3} (You found it
                  | on level 3 of the Crypt)
 75566 | Depths:4 | Voluntarily entered the Abyss.
 75664 | Depths:4 | Escaped the Abyss
 75669 | Depths:4 | Voluntarily entered the Abyss.
 75808 | Abyss:1  | Got a translucent helmet
 75809 | Abyss:1  | Identified the cursed +0 helmet "Taitonte" {rPois rF+} (You
                  | found it on level 1 of the Abyss)
 75846 | Abyss:2  | Gained mutation: Your body sometimes deteriorates upon
                  | taking damage. [a neqoxec]
 75849 | Abyss:2  | Gained mutation: Your magical capacity is extremely low.
                  | (-30% MP) [a neqoxec]
 76106 | Depths:4 | Escaped the Abyss
 76108 | Depths:4 | Voluntarily entered the Abyss.
 76160 | Abyss:1  | Gained mutation: Armour fits poorly on your strangely
                  | shaped body. [a neqoxec]
 76827 | Abyss:1  | Paralysed by accursed screaming for 1 turns
 76919 | Depths:4 | Escaped the Abyss
 76921 | Depths:4 | Voluntarily entered the Abyss.
 76985 | Abyss:1  | Got an encrusted arbalest
 77017 | Abyss:1  | Noticed an ancient lich
 77031 | Abyss:1  | Killed an ancient lich
 77185 | Depths:4 | Escaped the Abyss
 77777 | Tar:7    | Entered Level 7 of Tartarus
 78192 | Tar:7    | Got a transparent iron amulet
 78193 | Tar:7    | Identified the amulet of Yendor {Regen+ Str+7 Dex-4} (You
                  | found it on level 7 of Tartarus)
 78529 | Tar:7    | Noticed Ereshkigal
 78559 | Tar:7    | Killed Ereshkigal
 78617 | Tar:7    | Got a shimmering brass amulet
 78622 | Tar:7    | Got a bone rune of Zot
 78623 | Tar:7    | Identified the Reference Book on Venomous Conjuration
 78814 | Depths:4 | Voluntarily entered the Abyss.
 78974 | Abyss:1  | Found a corrupted altar of Lugonu.
 79541 | Abyss:2  | Gained mutation: You are weak. (Str -2) [a neqoxec]
 79587 | Abyss:2  | Found a corrupted altar of Lugonu.
 79746 | Depths:4 | Escaped the Abyss
 80082 | Tomb:1   | Entered Level 1 of the Tomb of the Ancients
 80202 | Tomb:1   | Reached skill level 27 in Evocations
 80273 | Tomb:1   | Noticed Mara
 80288 | Tomb:1   | Noticed DrEnzyme's illusion
 80303 | Tomb:1   | Killed Mara
 80739 | Tomb:1   | Noticed a greater mummy
 80751 | Tomb:1   | Noticed a greater mummy
 81171 | Depths:4 | Voluntarily entered the Abyss.
 81389 | Depths:4 | Escaped the Abyss
 81780 | Tomb:1   | Killed a greater mummy
 82169 | Depths:4 | Voluntarily entered the Abyss.
 82204 | Abyss:1  | Found a radiant altar of Vehumet.
 82373 | Depths:4 | Escaped the Abyss
 82873 | Tomb:1   | Lost mutation: Your magical capacity is extremely low.
                  | (-30% MP) [potion of mutation]
 82873 | Tomb:1   | Lost mutation: You are weak. (Str -2) [potion of mutation]
 82873 | Tomb:1   | Lost mutation: Your spells are a little easier to cast, but
                  | a little less powerful. [potion of mutation]
 82873 | Tomb:1   | Lost mutation: Your body sometimes deteriorates upon taking
                  | damage. [potion of mutation]
 82873 | Tomb:1   | Gained mutation: You are partially covered in icy blue
                  | scales. (AC +2) [potion of mutation]
 82873 | Tomb:1   | Gained mutation: Scrolls take you a little longer to read.
                  | [potion of mutation]
 82873 | Tomb:1   | Gained mutation: You are surrounded by a mild repulsion
                  | field. (EV +2) [potion of mutation]
 83255 | Depths:4 | Voluntarily entered the Abyss.
 83268 | Abyss:1  | Found a corrupted altar of Lugonu.
 83285 | Abyss:1  | Identified the amulet of Kuva Kacs {Inacc *Slow rF++ Dex+3}
                  | (You found it on level 7 of Tartarus)
 83288 | Abyss:1  | Got a crude garnet amulet
 83291 | Abyss:1  | Identified the amulet of Bodily Harmony {Harm *Drain +Inv}
                  | (You found it on level 1 of the Abyss)
 83360 | Abyss:1  | Reached skill level 15 in Spellcasting
 83390 | Depths:4 | Escaped the Abyss
 83774 | Tomb:1   | Killed a greater mummy
 84172 | Depths:4 | Voluntarily entered the Abyss.
 84321 | Abyss:1  | Gained mutation: Scrolls take you much longer to read. [a
                  | neqoxec]
 84322 | Abyss:1  | Gained mutation: Potions are poor at restoring your health.
                  | [a neqoxec]
 84411 | Depths:4 | Escaped the Abyss
 85250 | Depths:4 | Voluntarily entered the Abyss.
 85508 | Depths:4 | Escaped the Abyss
 86040 | Tomb:2   | Noticed a greater mummy
 86040 | Tomb:2   | Noticed a greater mummy
 86041 | Tomb:2   | Noticed a greater mummy
 86044 | Tomb:2   | Noticed an ancient lich
 86054 | Tomb:2   | Noticed a greater mummy
 86061 | Tomb:2   | HP: 2/297 [something (28)]
 86061 | Tomb:2   | Killed from afar by a mummy priest

Skill      XL: |  1  2  3  4  5  6  7  8  9 10 11 12 13 14 15 16 17 18 19 20 21 22 23 24 25 26 27 |
---------------+----------------------------------------------------------------------------------+-----
Fighting       | 4 5 6 7 8 9 10 11 12 13 14 15 16 17 19 21 23 24 27 | 27.0
Short Blades   | 2 3 |  3.8
Axes           | 1 3 5 6 8 9 11 13 14 16 18 19 20 22 23 25 26 27 | 27.0
Armour         | 2 3 4 6 7 8 9 10 11 12 13 14 16 17 19 20 27 | 27.0
Dodging        | 1 2 3 4 5 6 8 9 10 11 12 15 | 15.0
Throwing       | 2 3 6 7 20 | 20.9
Stealth        | 2 3 4 5 6 7 9 10 | 10.1
Shields        | 2 3 5 7 8 9 11 13 | 13.6
Evocations     | 1 3 7 27 | 27.0
Invocations    | 3 7 10 12 13 | 13.5
Spellcasting   | 15 | 15.9
Crossbows      | |  1.1

Action                   |  1- 3 |  4- 6 |  7- 9 | 10-12 | 13-15 | 16-18 | 19-21 | 22-24 | 25-27 || total
-------------------------+-------+-------+-------+-------+-------+-------+-------+-------+-------++-------
Melee: Short sword       |    68 |       |       |       |       |       |       |       |       ||    68
       Hand axe          |    36 |   147 |   581 |   864 |   181 |  1293 |       |       |       ||  3102
       Battleaxe         |       |       |       |       |   983 |   629 |    15 |       |       ||  1627
       Dagger            |       |       |       |       |    56 |       |       |       |       ||    56
       Broad axe         |       |       |       |       |       |   138 |       |       |       ||   138
       Executioner's axe |       |       |       |       |       |       |  1427 |  1265 |  5559 ||  8251
 Fire: Blowgun           |     5 |    39 |   157 |   105 |       |       |       |       |       ||   306
Throw: Javelin           |       |       |       |       |       |    15 |       |       |    78 ||    93
       Throwing net      |       |       |       |       |       |     7 |       |       |       ||     7
Invok: Greater Servant o |       |       |       |       |       |       |     1 |       |     3 ||     4
       Lesser Servant of |       |       |       |       |       |       |     1 |       |       ||     1
 Abil: Heal Wounds       |     3 |     3 |    10 |    14 |    10 |     7 |       |       |    35 ||    82
Evoke: Wand              |       |       |       |     7 |     1 |    21 |       |     1 |     7 ||    37
       Box of beasts     |       |       |       |       |       |     2 |       |       |     2 ||     4
       Phial of floods   |       |       |       |       |       |     1 |       |       |     2 ||     3
       Phantom mirror    |       |       |       |       |       |       |       |       |     2 ||     2
       Lamp of fire      |       |       |       |       |       |       |       |       |     1 ||     1
       Lightning rod     |       |       |       |       |       |       |       |       |     1 ||     1
       Sack of spiders   |       |       |       |       |       |       |       |       |     1 ||     1
  Use: Scroll            |       |     4 |     7 |    22 |    22 |    15 |    10 |    15 |    72 ||   167
       Potion            |       |       |     3 |     1 |     5 |    18 |     1 |     9 |    54 ||    91
 Stab: Invisible         |       |       |       |       |     7 |     5 |     3 |       |       ||    15
       Held in net/web   |       |       |       |       |       |     1 |       |       |       ||     1
       Paralysed         |       |       |       |       |       |    16 |       |       |       ||    16
       Sleeping          |       |       |       |       |       |       |     3 |     1 |       ||     4
       Distracted        |       |       |       |       |       |       |       |     3 |     8 ||    11
  Eat: Chunk             |       |     5 |    18 |    18 |    13 |    20 |    24 |     8 |     8 ||   114
       Ration            |       |       |     1 |       |     6 |     5 |     3 |     8 |    33 ||    56
Armor: Ring mail         |    41 |    41 |       |       |       |       |       |       |       ||    82
       Chain mail        |       |    33 |   147 |       |       |       |       |       |       ||   180
       Fire dragon scale |       |       |   193 |   522 |   643 |   841 |   457 |    88 |       ||  2744
       Crystal plate arm |       |       |       |       |       |       |       |   456 |  2639 ||  3095
Dodge: Dodged            |    65 |   100 |   317 |   600 |   695 |   889 |  1065 |   829 |  4736 ||  9296
       Deflected         |       |       |       |       |       |       |       |       |    74 ||    74
Block: Buckler           |       |       |    19 |   201 |   121 |       |       |       |       ||   341
       Reflection        |       |       |       |     7 |     5 |   113 |    39 |    23 |    10 ||   197
       Other             |       |       |       |       |   285 |   197 |   349 |   279 |   461 ||  1571
       Shield            |       |       |       |       |       |  1022 |       |       |       ||  1022
